Map: Lockdown LE

Players

RipNHammer

  • Race: Terran Terran
  • League: Master
  • Spawn Location: 7:00

llllllllllll - Winner!

  • Race: Zerg Zerg
  • League: Grandmaster
  • Spawn Location: 1:00

VOD

Have the link to the VOD?

Description

Time

  • Played on: Sept. 6, 2026, 9:38 p.m.
  • Length: 12:14
Show
View Real Time Build Order
Export as new Build Order

RipNHammer Terran 

Build Orders: Reaper Expand, Hellion Banshee 

Get SALT Encoding   

  8  0:00  SCV  
  9  0:12  SCV  
  10  0:24  SCV  
  11  0:36  SCV  
  11  0:39  Supply Depot  
  12  0:49  SCV  
  13  0:53  Refinery  
  13  1:01  SCV  
  14  1:06  Barracks  
  14  1:13  SCV  
  15  1:25  SCV  
  16  1:37  SCV  
  17  1:53  Orbital Command  
  17  1:54  Reaper  
  18  2:07  Command Center  
  18  2:19  SCV  
  19  2:25  Factory  
  19  2:33  Refinery  
  19  2:34  SCV  
  19  2:36  Barracks Reactor  
  20  2:43  Supply Depot  
  20  2:48  SCV  
  21  3:05  SCV  
  22  3:14  Starport  
  22  3:17  SCV  
  23  3:24  Hellion x2  
  28  3:28  Orbital Command  
  28  3:34  SCV  
  28  3:40  Barracks Tech Lab  
  28  3:46  Hellion  
  28  3:47  Hellion  
  32  3:51  SCV  
  32  3:55  SCV  
  34  3:58  Viking  
  36  4:05  SCV  
  36  4:06  Supply Depot  
  37  4:12  Hellion  
  37  4:13  SCV  
  40  4:18  Hellion  
  42  4:28  SCV x2  
  42  4:31  Supply Depot  
  44  4:42  SCV  
  45  4:46  Command Center  
  45  4:50  Banshee  
  45  4:51  Cloaking Field  
  49  4:52  SCV  
  49  4:54  Supply Depot  
  49  4:56  SCV  
  50  5:09  SCV x2  
  50  5:11  Factory  
  50  5:14  Refinery  
  52  5:16  Refinery  
  52  5:19  Hellion  
  54  5:21  SCV x2  
  58  5:33  Banshee  
  61  5:41  Widow Mine  
  61  5:42  Widow Mine  
  62  6:02  Widow Mine  
  62  6:03  Widow Mine  
  60  6:08  SCV  
  60  6:09  Hellion  
  51  6:24  Widow Mine x2  
  47  6:27  SCV  
  47  6:28  Banshee  
  51  6:34  Hellion  
  51  6:39  SCV  
  54  6:47  Widow Mine  
  54  6:52  SCV  
  39  7:02  Orbital Command  
  39  7:05  SCV  
  39  7:08  Supply Depot  
  28  7:17  SCV  
  27  7:29  SCV  
  28  7:34  Factory  
  28  7:35  SCV, Orbital Command  
  29  7:41  SCV  
  29  7:43  Cyclone  
  33  7:46  Factory  
  33  7:48  SCV  
  33  7:49  Supply Depot  
  34  7:53  SCV  
  34  7:58  Supply Depot  
  35  8:00  SCV  
  35  8:03  Hellion  
  35  8:05  SCV  
  39  8:20  Cyclone, Factory Tech Lab  
  39  8:24  Hellion, SCV x2  
  39  8:27  SCV  
  44  8:29  Supply Depot  
  44  8:36  SCV x2  
  46  8:43  Cyclone, Factory Tech Lab  
  46  8:45  Hellion x2  
  46  8:46  SCV  
  54  8:48  SCV  
  54  8:52  Mag-Field Accelerator  
  54  8:53  Infernal Pre-Igniter  
  55  8:56  Cyclone  
  58  9:08  Hellion  
  58  9:09  Hellion  
  62  9:12  SCV x3  
  62  9:16  Cyclone  
  68  9:24  SCV, Hellion  
  71  9:33  Cyclone  
  71  9:34  SCV  
  71  9:35  SCV  
  71  9:37  SCV  
  74  9:46  Siege Tank  
  79  9:52  Hellion  
  79  9:56  Supply Depot  
  79  9:58  Cyclone  
  79  9:59  Supply Depot  
  82  10:00  SCV  
  82  10:01  SCV x2  
  85  10:14  Orbital Command  
  85  10:16  Hellion  
  85  10:17  SCV x2, Siege Tank  
  85  10:18  Cyclone  
  80  10:30  Siege Tank  
  80  10:49  Cyclone, Hellion  
  84  10:50  Hellion, Siege Tank  
  84  10:56  SCV  
  88  10:59  Armory, Supply Depot  
  88  11:05  Siege Tank  
  91  11:12  Hellion  
  91  11:14  Hellion  
  91  11:16  Orbital Command  
  95  11:21  SCV, Cyclone  
  95  11:22  SCV, Siege Tank  
  103  11:31  Factory  
  103  11:33  Hellion  
  103  11:37  SCV x2  
  107  11:47  Engineering Bay  
  107  11:49  SCV  
Show
View Real Time Build Order
Export as new Build Order

llllllllllll Zerg - Winner!

Build Orders: Hatch First 

Get SALT Encoding   

  8  0:00  Drone  
  9  0:11  Drone  
  10  0:17  Drone  
  11  0:27  Overlord  
  11  0:33  Drone  
  12  0:45  Drone x2  
  14  0:51  Drone  
  15  1:10  Hatchery  
  14  1:14  Drone  
  14  1:17  Drone  
  16  1:21  Drone  
  17  1:36  Spawning Pool  
  17  1:38  Drone  
  17  1:41  Extractor  
  17  1:43  Drone  
  17  1:50  Drone  
  18  2:00  Overlord  
  18  2:10  Drone  
  19  2:23  Queen x2, Zergling x2  
  19  2:25  Zergling x2  
  25  2:31  Drone  
  25  2:32  Drone  
  27  2:40  Drone  
  27  2:42  Drone  
  29  2:48  Metabolic Boost  
  29  2:53  Overlord  
  29  2:59  Drone  
  30  3:08  Extractor  
  30  3:11  Queen  
  31  3:18  Drone x4  
  36  3:29  Hatchery  
  36  3:32  Drone  
  36  3:33  Drone x2  
  38  3:37  Overlord  
  38  3:40  Drone  
  39  3:46  Drone  
  40  3:54  Overlord  
  40  3:56  Drone x4  
  40  3:58  Queen  
  46  4:13  Extractor  
  46  4:14  Drone x3  
  46  4:16  Roach Warren, Overlord  
  47  4:41  Overlord  
  47  4:46  Overlord x2  
  47  4:56  Roach x6  
  59  5:02  Roach x3  
  59  5:03  Roach  
  59  5:07  Roach  
  68  5:14  Zergling x16  
  76  5:21  Zergling x8  
  80  5:30  Zergling x2  
  80  5:31  Zergling x4  
  83  5:36  Overlord  
  83  5:37  Overlord  
  82  5:56  Zergling x18  
  82  5:57  Zergling x2  
  90  6:00  Zergling x2  
  90  6:02  Zergling x2  
  83  6:05  Zergling x2  
  82  6:11  Zergling x2  
  82  6:21  Lair, Drone  
  82  6:22  Drone x2  
  82  6:23  Drone  
  82  6:24  Drone x3  
  84  6:28  Drone  
  84  6:30  Ravager x2  
  84  6:32  Ravager  
  84  6:35  Drone  
  84  6:38  Drone  
  84  6:39  Drone x5  
  85  6:42  Drone  
  80  6:49  Drone  
  80  6:50  Drone x2  
  81  6:55  Drone x6  
  81  6:56  Drone x2  
  81  6:57  Drone  
  81  6:58  Drone  
  85  7:11  Drone x4  
  78  7:18  Extractor x2  
  78  7:19  Zergling x6  
  78  7:20  Queen x3  
  85  7:25  Spore Crawler  
  85  7:26  Hatchery  
  85  7:28  Overseer, Spore Crawler  
  82  7:32  Zergling x6  
  82  7:34  Spore Crawler  
  82  7:36  Extractor  
  83  7:37  Hydralisk Den  
  83  7:43  Evolution Chamber  
  83  7:44  Evolution Chamber  
  80  7:45  Baneling Nest  
  80  7:46  Drone x3  
  80  7:47  Drone x3  
  80  7:50  Drone x2  
  87  7:51  Extractor  
  80  8:21  Drone x2  
  80  8:22  Drone x2  
  80  8:24  Zerg Ground Armor Level 1, Zerg Melee Weapons Level 1  
  84  8:27  Grooved Spines  
  84  8:30  Hydralisk x7, Centrifugal Hooks  
  84  8:33  Overlord x5  
  84  8:34  Overlord x2  
  97  8:46  Drone  
  97  8:48  Drone x6  
  104  8:55  Overseer  
  104  9:04  Spore Crawler  
  104  9:08  Pneumatized Carapace  
  103  9:11  Hydralisk x9  
  103  9:15  Drone x7  
  128  9:18  Muscular Augments  
  128  9:25  Overlord x5  
  128  9:40  Zergling x2  
  128  9:41  Zergling x24  
  135  9:47  Zergling x10  
  135  9:50  Infestation Pit  
  139  9:55  Extractor x2  
  139  9:57  Drone x4  
  139  9:58  Drone x2  
  139  9:59  Drone x2  
  145  10:00  Baneling  
  145  10:01  Baneling x20  
  145  10:06  Drone, Hatchery  
  145  10:09  Zergling x2  
  145  10:10  Zergling x14  
  148  10:16  Zergling x8  
  148  10:18  Zergling x4  
  153  10:27  Hive  
  146  10:39  Zergling x16  
  146  10:40  Zergling x12  
  155  10:54  Overlord x4  
  155  10:56  Drone x3  
  158  11:02  Zergling x12  
  158  11:03  Zergling x2  
  165  11:10  Zergling x4  
  165  11:11  Zergling x14  
  174  11:15  Baneling  
  174  11:16  Baneling x14  
  170  11:40  Spore Crawler  
  170  11:42  Spine Crawler x2, Zergling x18  
  170  11:43  Zergling x24  
  177  11:52  Zergling x6  
Tags
 
Add a new tag
Caveats
  • Supply blocks, unpowered buildings, or Contaminate may cause inaccurate times.
  • Supply counts are checked every 10 seconds.